 Dungeon Crawl Stone Soup version 0.27.1-33-g824d729ab1 (webtiles) character file.

Game seed: 8839217384949572232

15361 Descartes the Thaumaturge (level 12, -1/88 HPs)
             Began as a Deep Elf Conjurer on Dec 29, 2021.
             Was an Initiate of Gozag.
             Slain by a boulder beetle (26 damage)
             ... on level 11 of the Dungeon.
             The game lasted 01:03:37 (14228 turns).

Descartes the Thaumaturge (Deep Elf Conjurer)      Turns: 14228, Time: 01:03:39

Health: -1/88      AC:  7    Str:  8    XL:     12   Next: 0%
Magic:  0/28       EV: 20    Int: 25    God:    Gozag
Gold:   3194       SH:  0    Dex: 26    Spells: 1/31 levels left

rFire    + + +     SeeInvis +   P - +5 trident "Hixkel" {holy, rPois rCorr Dex+7}
rCold    + + .     Faith    .   (no shield)
rNeg     + . .     Spirit   +   C - +2 leather armour {Will+}
rPois    +         Reflect  .   l - +0 helmet
rElec    +         Harm     .   Q - scarf {rC+ rF+}
rCorr    +         Rampage  .   O - +0 pair of gloves
Will     +++..                  (no boots)
Stlth    ..........             H - amulet of Scepticism {Spirit Fly rF+}
HPRegen  0.24/turn              J - ring "Huefeabu" {Drain rF+ rC+ Will+ Dex+6}
MPRegen  0.21/turn              o - ring "Bobbos" {rElec rN+ SInv}

@: berserking, unable to read, flying, very quick
A: inability to read while threatened
a: Renounce Religion, Potion Petition, Call Merchant, Bribe Branch


You were on level 11 of the Dungeon.
You worshipped Gozag.
Gozag was most pleased with you.
You visited 2 branches of the dungeon, and saw 13 of its levels.
You also visited: Sewer.

You collected 4924 gold pieces.
You spent 236 gold pieces at shops.
You paid 1494 gold pieces to Gozag.

Inventory:

Hand Weapons
 m - a +0 rapier
 n - a +5 falchion of draining
 P - the +5 trident "Hixkel" (weapon) {holy, rPois rCorr Dex+7}
   (You found it on level 10 of the Dungeon)

   It has been blessed by the Shining One to cause great damage to the undead
   and demons.
   Dex:       It affects your dexterity (+7).
   rPois:     It protects you from poison.
   rCorr:     It protects you from acid and corrosion.
Missiles
 b - 5 javelins
 e - 65 sling bullets
 g - 535 stones
 i - 14 boomerangs
 j - 78 arrows
 k - 61 bolts
 s - 25 poisoned darts
 E - 5 curare-tipped darts
 M - 4 silver boomerangs
Armour
 f - a +0 tower shield
 h - a +0 kite shield
 l - a +0 helmet (worn)
 C - a +2 leather armour of willpower (worn)
 O - a +0 pair of gloves (worn)
 Q - a scarf of resistance (worn)
Magical Staves
 U - a staff of fire
Jewellery
 o - the ring "Bobbos" (right hand) {rElec rN+ SInv}
   (You acquired it in a sewer)

   [ring of positive energy]

   rElec:     It insulates you from electricity.
   rN:        It protects you from negative energy.
   SInv:      It lets you see invisible.
 p - the ring of Wunopn {Contam Fly rC++ Will+ MP-9}
   (You took it off a vampire on level 7 of the Dungeon)

   [ring of flight]

   rC:        It greatly protects you from cold.
   MP:        It affects your magic capacity (-9).
   Fly:       It grants you flight.
   Contam:    It causes magical contamination when unequipped.
   Will:      It increases your willpower.
 y - a ring of poison resistance
 H - the amulet of Scepticism (around neck) {Spirit Fly rF+}
   (You found it on level 7 of the Dungeon)

   [amulet of guardian spirit]

   It causes incoming damage to be divided between your reserves of health and
   magic.
   rF:        It protects you from fire.
   Fly:       It grants you flight.
 J - the ring "Huefeabu" (left hand) {Drain rF+ rC+ Will+ Dex+6}
   (You found it on level 7 of the Dungeon)

   [ring of dexterity]

   Dex:       It affects your dexterity (+6).
   rF:        It protects you from fire.
   rC:        It protects you from cold.
   Drain:     It drains your maximum health when unequipped.
   Will:      It increases your willpower.
Wands
 a - a wand of flame (9)
 w - a wand of digging (3)
 A - a wand of iceblast (31)
 D - a wand of acid (5)
 N - a wand of paralysis (15)
 R - a wand of mindburst (11)
Scrolls
 q - 2 scrolls of teleportation {unknown}
 t - 10 scrolls of identify
 v - 2 scrolls of fog
 z - 2 scrolls of enchant armour {unknown}
 F - 2 scrolls of amnesia {unknown}
 G - a scroll of immolation {unknown}
 I - a scroll of holy word {unknown}
 K - a scroll of enchant weapon
 T - a scroll of magic mapping {unknown}
Potions
 c - 2 potions of haste
 d - 2 potions of curing
 r - 3 potions of cancellation
 u - a potion of might {unknown}
 x - 2 potions of heal wounds
 B - a potion of attraction
 L - a potion of berserk rage {unknown}
 S - a potion of magic
 V - 2 potions of brilliance {unknown}


   Skills:
 - Level 10.0 Dodging
 - Level 2.4 Stealth
 + Level 5.9 Shields
 - Level 10.0 Spellcasting
 - Level 10.0 Conjurations
 + Level 5.8 Hexes
 - Level 5.0 Translocations
 - Level 5.0 Fire Magic
 - Level 5.0 Air Magic
 - Level 5.0 Earth Magic
 - Level 5.0 Poison Magic
 + Level 4.1 Evocations


You had one spell level left.
You knew the following spells:

 Your Spells              Type           Power      Damage    Failure   Level
a - Magic Dart            Conj           100%       1d8       1%          1
b - Blink                 Tloc           N/A        N/A       1%          2
c - Searing Ray           Conj           100%       3d7       1%          2
d - Iskenderun's Battles  Conj           58%        2d11      3%          5
e - Mephitic Cloud        Conj/Pois/Air  45%        N/A       1%          3
f - Dazzling Flash        Conj/Hex       100%       N/A       1%          3
g - Invisibility          Hex            20%        N/A       71%         6
h - Silence               Hex/Air        19%        N/A       22%         5
i - Ignite Poison         Fire/Tmut/Pois 29%        N/A       5%          3

Your spell library contained the following spells:

 Spells                   Type           Power      Damage    Failure   Level
 Foxfire                  Conj/Fire      100%       2x1d9     1%          1
 Sting                    Tmut/Pois      100%       1d8       2%          1
 Poisonous Vapours        Pois/Air       74%        N/A       1%          2
 Conjure Flame            Conj/Fire      50%        6-21      1%          3
 Inner Flame              Hex/Fire       39%        N/A       2%          3
 Lesser Beckoning         Tloc           18%        N/A       2%          3
 Swiftness                Air            37%        N/A       2%          3
 Fulminant Prism          Conj/Hex       25%        3d14      2%          4
 Passwall                 Tmut/Erth      20%        N/A       3%          2
 Iskenderun's Mystic Bla  Conj/Tloc      50%        2d11      3%          4
 Olgreb's Toxic Radiance  Pois           37%        N/A       9%          4
 Fireball                 Conj/Fire      25%        3d11      9%          5
 Call Imp                 Summ           12%        N/A       11%         2
 Bolt of Magma            Conj/Fire/Erth 22%        4d11      13%         5
 Manifold Assault         Tloc           37%        N/A       26%         5
 Conjure Ball Lightning   Conj/Air       25%        3x3d7     45%         6
 Orb of Destruction       Conj           29%        9d11      69%         7
 Agony                    Necr           12%        N/A       89%         5


Dungeon Overview and Level Annotations

Branches:
Dungeon (12/15)            Temple (1/1) D:4           Sewer (visited)
   Lair: D:8-11         Orc: D:9-12

Altars:
Ashenzari
Cheibriados
Dithmenos
Elyvilon
Fedhas
Gozag
Hepliaklqana
Kikubaaqudgha
Makhleb
Nemelex Xobeh
Okawaru
Qazlal
Ru
Sif Muna
Trog
Uskayaw
Vehumet
Wu Jian
Xom
Yredelemnul
Zin
The Shining One

Shops:
D:3 *   D:8 (

Annotations:
D:9 2 transporters, waddelsworth's ghost, journeyman DrCj


Innate Abilities, Weirdness & Mutations

You sometimes lose the ability to read scrolls when taking damage.


Message History

Confirm with . or Enter, or press ? or * to list all spells.
You don't have enough magic to cast this spell.
The boulder beetle barely misses you.
The boulder beetle curls into a ball and begins rolling!
You can read scrolls again.
The boulder beetle hits you!!
You feel threatened and lose the ability to read scrolls!
* * * LOW HITPOINT WARNING * * *
The boulder beetle stops rolling and uncurls. [a] - 600 gold - haste, resistance and brilliance [b] - 480 gold - resistance, haste and brilliance [c] - 364 gold - heal wounds, curing and berserk rage Purchase which effect?
You feel much better.
You feel better.
A red film seems to cover your vision as you go berserk!
You feel yourself moving faster!
You feel mighty! The boulder beetle misses you.
You impale the boulder beetle!!
The boulder beetle is severely wounded.
You hit the boulder beetle but do no damage.
The boulder beetle is severely wounded.
The boulder beetle misses you.
You barely miss the boulder beetle.
The boulder beetle is severely wounded.
The boulder beetle barely misses you.
You puncture the boulder beetle!
The boulder beetle is almost dead.
The boulder beetle bites you.
You hit the boulder beetle but do no damage.
The boulder beetle is almost dead.
The boulder beetle misses you.
You barely miss the boulder beetle.
The boulder beetle is almost dead.
The boulder beetle bites you!!
* * * LOW HITPOINT WARNING * * *
You hit the boulder beetle but do no damage.
The boulder beetle is almost dead.
The boulder beetle bites you!!
You die...
Your body crumbles into a pile of gold.

... ..... #.# ...##
.... #.## ..$.. .
##.##...# .$$.#
#.####...##.<# ...
#...#..≈..#..#
#B######...≈≈≈..>.#
#.....####..≈..#####
#####..####...##...#
##...###@##....#
###.#..B......#
#.....).....#
###.........#
#.........#
#.........#
####......# #......#
########


You could see a boulder beetle.

Vanquished Creatures
  A hydra (D:12)
  5 two-headed ogres
  Sonja (D:12)
  Pikel (D:6)
  2 cyclopes
  An ugly thing (D:11)
  Maurice (D:12)
  An unseen horror (D:10)
  A kobold demonologist (D:10)
  2 trolls
  A hornet (D:8)
  2 slime creatures (D:7)
  14 yaks
  2 shadows
  A vampire (D:7)
  2 wraiths
  Sigmund (D:6)
  A steam dragon (D:7)
  5 vampire mosquitoes
  6 water moccasins
  An ice beast (D:6)
  2 sky beasts (D:6)
  2 orc warriors (D:7)
  A black bear (D:7)
  3 necrophages
  2 ogres (D:5)
  A centaur (D:9)
  2 lemures (D:8)
  2 kobold brigands
  A phantom (D:5)
  A wyvern zombie (D:8)
  A gnoll sergeant (D:10)
  5 bullfrogs
  4 scorpions
  A wyvern skeleton (D:6)
  7 killer bees
  3 howler monkeys
  A centaur zombie (D:8)
  3 quasits (D:6)
  2 bullfrog skeletons (D:5)
  A hound (D:6)
  A jelly (D:5)
  3 orc priests
  A centaur skeleton (D:6)
  2 iguanas
  5 orc wizards
  4 killer bee zombies
  Robin (D:4)
  7 gnolls
  A river rat (D:3)
  8 adders
  2 white imps
  An ufetubus (D:7)
  4 worms
  A dart slug (D:1)
  16 orcs
  7 endoplasms
  A giant cockroach (D:4)
  12 goblins
  8 hobgoblins
  5 jackals (Sewer)
  18 kobolds
  A quokka (D:4)
  12 ball pythons
  7 bats
  6 frilled lizards
  7 rats (D:3)
238 creatures vanquished.

Vanquished Creatures (others)
  17 plants
17 creatures vanquished.

Grand Total: 255 creatures vanquished

Notes
Turn   | Place    | Note
-------+----------+-------------------------------------------
     0 | D:1      | Descartes the Deep Elf Conjurer began the quest for the
                  | Orb.
     0 | D:1      | Reached XP level 1. HP: 10/10 MP: 6/6
   155 | D:1      | Reached XP level 2. HP: 15/15 MP: 6/8
   811 | D:2      | Reached XP level 3. HP: 19/19 MP: 6/10
  1214 | D:2      | Learned a level 3 spell: Mephitic Cloud
  1217 | D:2      | Learned a level 2 spell: Searing Ray
  1309 | D:2      | Reached skill level 5 in Conjurations
  1832 | D:3      | Reached XP level 4. HP: 24/24 MP: 4/12
  1866 | D:3      | Learned a level 3 spell: Dazzling Flash
  1929 | D:3      | You fall into a shaft and drop 1 floor!
  2060 | D:3      | Found a glowing drain.
  2068 | Sewer    | Entered a sewer
  2582 | Sewer    | Reached XP level 5. HP: 28/28 MP: 11/13
  3107 | Sewer    | Identified 2 scrolls of acquirement
  3107 | Sewer    | Acquired 1252 gold pieces
  3157 | Sewer    | Acquired the ring "Bobbos" {rElec rN+ SInv}
  3297 | D:3      | Noticed a water moccasin
  3309 | D:3      | Killed a water moccasin
  3310 | D:3      | Reached skill level 1 in Shields
  3310 | D:3      | Reached skill level 5 in Spellcasting
  3310 | D:3      | Reached skill level 1 in Air Magic
  3310 | D:3      | Reached skill level 1 in Poison Magic
  3347 | D:3      | Reached XP level 6. HP: 32/32 MP: 3/15
  3511 | D:3      | Found Noirre Qely's Assorted Antiques.
  3524 | D:3      | Bought a bubbling ruby potion for 18 gold pieces
  3524 | D:3      | Bought a scroll of identify for 40 gold pieces
  3524 | D:3      | Bought a bubbling ruby potion for 18 gold pieces
  3524 | D:3      | Bought a scroll of identify for 40 gold pieces
  3524 | D:3      | Bought a shiny gold wand for 80 gold pieces
  3524 | D:3      | Bought a scroll of identify for 40 gold pieces
  3819 | D:4      | Learned a level 2 spell: Blink
  3825 | D:4      | Learned a level 5 spell: Iskenderun's Battlesphere
  4087 | D:4      | Found a staircase to the Ecumenical Temple.
  4096 | D:4      | Noticed Robin
  4097 | Temple   | Entered the Ecumenical Temple
  4369 | Temple   | Became a worshipper of Gozag Ym Sagoz the Greedy
  4403 | D:4      | Killed Robin
  4702 | D:4      | Acquired 934 gold pieces
  4735 | D:5      | Entered Level 5 of the Dungeon
  4742 | D:5      | Reached XP level 7. HP: 36/36 MP: 9/17
  4922 | D:5      | Reached skill level 1 in Translocations
  5040 | D:5      | Reached skill level 5 in Dodging
  5040 | D:5      | Reached skill level 1 in Hexes
  5775 | D:5      | Reached XP level 8. HP: 41/41 MP: 13/19
  6208 | D:6      | Found a hide-covered altar of Uskayaw.
  6979 | D:6      | Noticed Sigmund
  6988 | D:6      | Killed Sigmund
  7481 | D:7      | Reached XP level 9. HP: 45/45 MP: 11/22
  8436 | D:7      | Reached skill level 5 in Translocations
  8525 | D:7      | Identified the ring of Wunopn {Contam Fly rC++ Will+ MP-9}
  8716 | D:7      | Identified the amulet of Scepticism {Spirit Fly rF+}
  9015 | D:7      | Noticed a troll
  9017 | D:7      | Reached XP level 10. HP: 40/50 MP: 5/24
  9052 | D:7      | Noticed a two-headed ogre
  9060 | D:7      | Killed a two-headed ogre
  9284 | D:7      | Identified an amulet "Hoammeadd" {Faith Rampage Str+4}
  9287 | D:7      | Identified the ring "Huefeabu" {Drain rF+ rC+ Will+ Dex+6}
  9298 | D:7      | Gained mutation: You sometimes lose the ability to read
                  | scrolls when taking damage. [mutagenic glow]
  9641 | D:8      | Reached skill level 5 in Hexes
  9700 | D:8      | Learned a level 6 spell: Invisibility
  9932 | D:8      | Noticed a two-headed ogre
 10271 | D:6      | Learned a level 5 spell: Silence
 10332 | D:7      | Killed a two-headed ogre
 10384 | D:8      | Noticed Pikel
 10424 | D:6      | Killed Pikel
 10425 | D:6      | Reached skill level 10 in Spellcasting
 10425 | D:6      | Reached skill level 5 in Poison Magic
 11012 | D:8      | Found Beixtin's Weapon Shoppe.
 11408 | D:9      | Noticed waddelsworth's ghost (journeyman DrCj)
 11427 | D:9      | Noticed a moth of wrath
 11492 | D:9      | Found a transporter.
 11505 | D:9      | Noticed a two-headed ogre
 11511 | D:9      | Killed a two-headed ogre
 11512 | D:9      | Reached skill level 5 in Air Magic
 11512 | D:9      | Reached XP level 11. HP: 54/54 MP: 13/27
 11832 | D:9      | Noticed a two-headed ogre
 11845 | D:9      | Killed a two-headed ogre
 11846 | D:9      | Reached skill level 10 in Conjurations
 11846 | D:9      | Reached skill level 1 in Fire Magic
 11846 | D:9      | Reached skill level 1 in Earth Magic
 11997 | D:9      | Reached skill level 10 in Dodging
 12431 | D:9      | Found a transporter.
 12505 | D:10     | Entered Level 10 of the Dungeon
 12923 | D:10     | Identified the +5 trident "Hixkel" {holy, rPois rCorr
                  | Dex+7}
 12948 | D:10     | Noticed a two-headed ogre
 12954 | D:10     | Killed a two-headed ogre
 12955 | D:10     | Reached skill level 5 in Shields
 12955 | D:10     | Reached skill level 1 in Evocations
 13506 | D:10     | You are sucked into a shaft and drop 2 floors!
 13508 | D:12     | Noticed an eight-headed hydra
 13516 | D:12     | Killed an eight-headed hydra
 13737 | D:12     | Acquired 974 gold pieces
 13755 | D:12     | Learned a level 3 spell: Ignite Poison
 13852 | D:12     | Noticed Sonja
 13858 | D:12     | Killed Sonja
 13915 | D:12     | Noticed Maurice
 13921 | D:12     | Killed Maurice
 14102 | D:11     | Noticed a white ugly thing
 14108 | D:11     | Killed a white ugly thing
 14109 | D:11     | Reached skill level 5 in Fire Magic
 14109 | D:11     | Reached skill level 5 in Earth Magic
 14174 | D:11     | Reached XP level 12. HP: 59/59 MP: 19/28
 14187 | D:11     | Noticed a boulder beetle
 14220 | D:11     | HP: 2/59 [boulder beetle (26)]
 14228 | D:11     | Slain by a boulder beetle

Illustrated notes

Levels and vault maps discovered:
D:1:      ncdulo_lavacross, layout_basic
D:2:      layout_basic, serial_aquarium, aquarium_bridge_square
          [aquarium_subvault_window, aquarium_subvault_window,
          aquarium_subvault_bridge, aquarium_subvault_window],
          aquarium_window_fake, aquarium_window_corridor_1, aquarium_view_2g,
          aquarium_view_2d
D:3:      layout_rooms, portal_sewer_entry_e, serial_shops, shop,
          chequers_serial_rivers_room_b
D:4:      layout_rooms, minmay_temple_entry_glass, guppyfry_early_lair_pool,
          uniq_robin
D:5:      layout_basic
D:6:      cheibrodos_quashed, layout_loops_cross, mainiacjoe_overflow_brackets,
          serial_bayou_pond_d, nrook_campfire, minmay_misc_feat_secret_circle,
          uniq_sigmund
D:7:      minmay_the_grid_triangle_9x9_recursive_2
          [minmay_the_grid_triangle_9x9_prize_special,
          minmay_the_grid_triangle_9x9_steps,
          minmay_the_grid_triangle_9x9_from_above,
          minmay_the_grid_triangle_9x9_dagger], layout_cave_pools
D:8:      layout_cave_pools, serial_shops, shop, minivault_25,
          eino_tiny_chamber, uniq_pikel
D:9:      layout_basic, gammafunk_ghost_berserking_beasts
D:10:     layout_roguey, minmay_misc_feat_cross, kennysheep_generic_room_5
D:11:     cheibrodos_orc_bank, layout_rooms, erik_lair_orcish_takeover,
          serial_undead, serial_undead_e, serial_undead_e, serial_undead_c,
          serial_undead_f, serial_undead_e, serial_undead_b,
          amcnicky_mini_pool_small, okawaru_humans
D:12:     layout_stronghold, hiddenorc2_lemuel, serial_shops,
          nicolae_shop_trees, minmay_misc_feat_four_crosses, uniq_sonja,
          uniq_maurice
Temple:   nicolae_temple_the_god_donut

Skill      XL: |  1  2  3  4  5  6  7  8  9 10 11 |
---------------+----------------------------------+-----
Dodging        | 3 4 5 6 7 9 10 | 10.0
Spellcasting   | 4 5 6 7 8 10 | 10.0
Conjurations   | 5 6 7 8 9 10 | 10.0
Shields        | 1 2 3 4 5 |  5.9
Air Magic      | 1 2 3 5 |  5.0
Poison Magic   | 1 2 3 4 5 |  5.0
Translocations | 2 4 5 |  5.0
Hexes          | 1 3 4 5 |  5.8
Fire Magic     | 5 |  5.0
Earth Magic    | 5 |  5.0
Evocations     | 4 |  4.1
Stealth        | |  2.4

Action                   |  1- 3 |  4- 6 |  7- 9 | 10-12 || total
-------------------------+-------+-------+-------+-------++-------
Melee: Falchion          |       |    18 |     8 |    12 ||    38
       Trident           |       |       |       |    35 ||    35
 Cast: Magic Dart        |    77 |   121 |   101 |   204 ||   503
       Searing Ray       |       |     6 |    31 |     3 ||    40
       Iskenderun's Batt |       |       |    20 |    52 ||    72
       Blink             |       |       |     6 |    13 ||    19
       Mephitic Cloud    |       |       |       |     7 ||     7
       Dazzling Flash    |       |       |       |     1 ||     1
Invok: Potion Petition   |       |       |       |     6 ||     6
Evoke: Wand              |       |       |       |     1 ||     1
  Use: Scroll            |     1 |    11 |       |     1 ||    13
       Potion            |       |     4 |     3 |     1 ||     8
 Stab: Invisible         |       |       |       |     1 ||     1
Armor: Robe              |     1 |     6 |       |       ||     7
       Leather armour    |       |       |    12 |    10 ||    22
       Skin              |       |       |     5 |    56 ||    61
Dodge: Dodged            |     9 |    28 |    15 |    89 ||   141
       Rpst.: Falchion   |       |    14 |     1 |    16 ||    31
